Map: Récif abyssal EC

Players

zidar

  • Race: Zerg Zerg
  • League: Gold
  • Spawn Location: 5:00

Django - Winner!

  • Race: Zerg Zerg
  • League: Platinum
  • Spawn Location: 11:00

VOD

Have the link to the VOD?

Description

Time

  • Played on: Aug. 30, 2017, 2:06 p.m.
  • Length: 9:43
Show
View Real Time Build Order
Export as new Build Order

zidar Zerg 

Build Orders: Pool First 

Get SALT Encoding   

  12  0:02  Drone  
  13  0:12  Overlord  
  13  0:17  Drone  
  14  0:31  Drone x2  
  16  0:38  Drone  
  17  0:48  Spawning Pool  
  16  0:50  Drone  
  17  1:27  Extractor  
  17  1:28  Overlord, Hatchery  
  17  1:30  Drone x2  
  17  1:44  Queen  
  19  1:51  Drone  
  19  1:52  Drone  
  21  2:03  Zergling x2  
  22  2:15  Baneling Nest  
  21  2:19  Drone  
  22  2:26  Queen  
  24  2:38  Zergling x2  
  24  2:39  Zergling x2  
  25  2:52  Metabolic Boost  
  25  2:55  Zergling x4  
  25  2:56  Zergling x4  
  25  2:57  Zergling x4  
  31  3:05  Drone  
  31  3:06  Drone  
  33  3:13  Overlord  
  32  3:40  Drone x3  
  35  3:43  Overlord x2  
  35  3:44  Overlord  
  35  3:50  Baneling x4  
  35  4:02  Roach Warren  
  34  4:05  Drone x3  
  34  4:08  Drone  
  38  4:24  Drone  
  38  4:25  Drone x5  
  38  4:30  Extractor  
  43  4:37  Extractor  
  42  4:44  Queen  
  44  4:50  Extractor  
  43  4:55  Drone x4  
  43  4:56  Drone  
  48  5:13  Lair  
  48  5:36  Hatchery  
  48  5:37  Drone x9  
  50  6:32  Roach x5  
  60  6:34  Overlord  
  60  6:35  Overlord x6  
  60  6:45  Hatchery  
  59  6:53  Roach x2  
  59  6:54  Roach  
  65  7:04  Hydralisk Den  
  64  7:12  Evolution Chamber  
  63  7:29  Evolution Chamber  
  62  7:32  Drone x7  
  62  7:33  Drone x7  
  76  7:40  Queen  
  78  7:49  Lurker Den  
  78  7:54  Hydralisk x2  
  78  7:55  Hydralisk  
  84  8:01  Glial Reconstitution  
  84  8:19  Roach  
  86  8:24  Roach  
  90  8:27  Roach  
  90  8:28  Roach x4  
  90  8:29  Hydralisk x2  
  90  8:30  Hydralisk x3  
  108  8:45  Extractor  
  108  8:48  Extractor  
  106  8:49  Hydralisk  
  106  8:50  Hydralisk x4  
Show
View Real Time Build Order
Export as new Build Order

Django Zerg - Winner!

Build Orders: Hatch First 

Get SALT Encoding   

  12  0:01  Drone  
  13  0:15  Overlord  
  13  0:17  Drone  
  14  0:34  Drone x2  
  16  0:38  Drone  
  17  0:49  Drone  
  18  1:01  Hatchery  
  18  1:03  Extractor, Drone  
  17  1:17  Spawning Pool  
  16  1:28  Drone x2  
  18  1:36  Drone  
  19  1:44  Overlord  
  19  1:53  Drone  
  20  2:05  Metabolic Boost  
  20  2:07  Queen  
  22  2:10  Zergling x2  
  22  2:13  Queen  
  25  2:16  Zergling x2  
  25  2:17  Zergling x2  
  27  2:40  Drone x4  
  31  3:08  Baneling Nest  
  30  3:25  Drone  
  30  3:26  Drone x5  
  36  3:27  Overlord x2  
  36  3:28  Overlord  
  36  3:38  Spine Crawler  
  35  3:43  Spine Crawler  
  35  3:44  Queen  
  35  3:47  Queen  
  38  4:07  Drone x5  
  38  4:08  Drone x7  
  50  4:15  Roach Warren  
  49  4:17  Extractor  
  49  4:19  Drone x2  
  50  4:35  Drone x4  
  54  4:38  Lair  
  54  4:42  Baneling x2  
  54  4:44  Baneling x3  
  54  4:50  Extractor  
  53  4:53  Extractor  
  53  4:59  Evolution Chamber  
  51  5:01  Drone x2  
  51  5:02  Drone x6  
  51  5:03  Evolution Chamber, Drone x2  
  60  5:28  Zerg Ground Armor Level 1  
  60  5:29  Hatchery, Zerg Missile Weapons Level 1  
  60  5:35  Overlord x4  
  59  5:38  Glial Reconstitution  
  59  5:56  Roach  
  59  5:57  Roach x6  
  73  6:07  Overseer  
  73  6:19  Roach x5  
  73  6:20  Roach  
  84  6:32  Roach x4  
  92  6:36  Overlord x3  
  92  6:38  Hatchery  
  91  6:58  Roach x4  
  91  6:59  Roach  
  101  7:06  Roach  
  101  7:07  Roach x5  
  101  7:08  Roach  
  115  7:15  Hydralisk Den  
  114  7:20  Roach  
  116  7:45  Muscular Augments  
  116  7:50  Overlord x5  
  116  7:51  Overlord  
  116  7:52  Queen  
  118  8:11  Hydralisk  
  118  8:12  Hydralisk x7  
  134  8:35  Hydralisk  
  134  8:36  Hydralisk x4  
  134  8:38  Hydralisk  
  146  9:04  Hydralisk x4  
  146  9:05  Hydralisk x3  
Tags
 
Add a new tag
Caveats
  • Supply blocks, unpowered buildings, or Contaminate may cause inaccurate times.
  • Supply counts are checked every 10 seconds.